 Dungeon Sprint DCSS version 0.27-a0-1301-g128193abf8 (webtiles) character file.

Game seed: 371543940758141263

161 mhtbhm the Magician (level 5, -1/24 HPs)
             Began as a Spriggan Earth Elementalist on June 17, 2021.
             Was an Initiate of Vehumet.
             Hit by a boomerang thrown by an orc warrior (8 damage)
             ... in the Dungeon (Sprint IX: "|||||||||||||||||||||||||||||").
             The game lasted 00:01:11 (496 turns).

mhtbhm the Magician (Spriggan Earth Elementalist)    Turns: 496, Time: 00:01:12

Health: -1/24      AC:  2    Str:  7    XL:     5   Next: 19%
Magic:  0/16       EV: 20    Int: 18    God:    Vehumet [......]
Gold:   0          SH:  0    Dex: 18    Spells: 4/19 levels left

rFire    . . .     SeeInvis +   l - +2 rapier (venom)
rCold    . . .     Faith    .   (shield restricted)
rNeg     . . .     Spirit   .   b - +0 robe
rPois    .         Reflect  .   (helmet restricted)
rElec    .         Harm     .   (no cloak)
rCorr    .         Rampage  .   (gloves unavailable)
Will     .....     NoTele   +   (boots unavailable)
Stlth    +++.......             (no amulet)
HPRegen  0.08/turn              m - +3 ring of dexterity
MPRegen  0.15/turn              n - +3 ring of strength

@: very quick
A: very small, no large weapons, unfitting armour, see invisible, speed 3
a: Renounce Religion


You were in the Dungeon.
You worshipped Vehumet.
Vehumet was noncommittal.
You visited 1 branch

Inventory:

Hand Weapons
 l - a +2 rapier of venom (weapon)
Missiles
 i - 7 stones
Armour
 b - a +0 robe (worn)
Jewellery
 m - a +3 ring of dexterity (left hand)
 n - a +3 ring of strength (right hand)
Wands
 k - a wand of acid (10)
Scrolls
 h - 2 scrolls of blinking
 j - 2 scrolls of amnesia
Potions
 a - a potion of invisibility
 c - 5 potions of curing
 d - 2 potions of heal wounds
 e - a potion of haste
 f - 3 potions of magic
 g - a potion of berserk rage


   Skills:
 + Level 5.4 Dodging
 + Level 5.3 Stealth
 + Level 7.8 Spellcasting
 + Level 1.6 Transmutations
 + Level 7.1 Earth Magic


You had 4 spell levels left.
You knew the following spells:

 Your Spells              Type           Power      Damage    Failure   Level
a - Sandblast             Erth           64%        2d14      1%          1
b - Passwall              Tmut/Erth      18%        N/A       2%          2
c - Stone Arrow           Conj/Erth      38%        3d9       7%          3
d - Lee's Rapid Deconstr  Erth           16%        3d11*     16%         5
e - Petrify               Tmut/Erth      22%        N/A       17%         4

Your spell library contained the following spells:

 Spells                   Type           Power      Damage    Failure   Level


Dungeon Overview and Level Annotations

Branches:
Dungeon (1/1)

Altars:
Cheibriados
Dithmenos
Elyvilon
Fedhas
Gozag
Hepliaklqana
Kikubaaqudgha
Makhleb
Nemelex Xobeh
Okawaru
Qazlal
Ru
Sif Muna
Trog
Uskayaw
Vehumet
Wu Jian
Xom
Yredelemnul
Zin
The Shining One
Beogh
Jiyva
Lugonu


Innate Abilities, Weirdness & Mutations

You are very small and have problems with some larger weapons.
You are too small for most types of armour.
You have supernaturally acute eyesight. (SInv)
You cover ground extremely quickly. (Speed+++)


Message History

Unknown command.
Unknown command.
Unknown command.
You see here a +1 chain mail.
The orc warrior throws a boomerang.
The boomerang closely misses you.
You see here a +0 pair of gloves.
Casting: Lee's Rapid Deconstruction (potentially lethal; 16% risk of failure)
Confirm with . or Enter, or press ? or * to list all spells.
The spell is quite dangerous to cast (7% risk of failure)!
Continue anyway?
Okay, then.
Casting: Stone Arrow (quite dangerous; 7% risk of failure)
Confirm with . or Enter, or press ? or * to list all spells.
The spell is quite dangerous to cast (7% risk of failure)!
Continue anyway?
Aiming: Stone Arrow (quite dangerous; 7% risk of failure)
Press: ? - help, Shift-Dir - straight line, f - orc warrior
Aim: an orc warrior, wielding a +0 battleaxe, wearing a +4 plate armour and quivering boomerangs (68% to hit)
The stone arrow hits the orc warrior!
The orc warrior is heavily wounded.
Unknown command.
Unknown command.
Casting: Stone Arrow (quite dangerous; 7% risk of failure)
Confirm with . or Enter, or press ? or * to list all spells.
Aiming: Sandblast (safe; 1% risk of failure)
Press: ? - help, Shift-Dir - straight line, f/p - orc warrior
Aim: an orc warrior, wielding a +0 battleaxe, wearing a +4 plate armour and quivering boomerangs (heavily wounded, 82% to hit)
The blast of sand hits the orc warrior but does no damage.
The orc warrior is heavily wounded.
Unknown command.
Unknown command.
You see here a +0 helmet.
Casting: Sandblast (safe; 1% risk of failure)
Confirm with . or Enter, or press ? or * to list all spells.
Aiming: Sandblast (safe; 1% risk of failure)
Press: ? - help, Shift-Dir - straight line, f/p - orc warrior
Aim: an orc warrior, wielding a +0 battleaxe, wearing a +4 plate armour and quivering boomerangs (heavily wounded, 82% to hit)
The blast of sand hits the orc warrior but does no damage.
The orc warrior is heavily wounded.
Unknown command.
The orc warrior throws a boomerang.
The boomerang hits you!
You die... ▓▓▓▓▓▓▓▓▓▓▓▓▓▓▓▓▓▓▓▓▓▓▓▓▓▓▓▓▓▓ _____________'..@.oY[c.KZ....Z ▓▓▓▓▓▓▓▓▓▓▓▓▓▓▓▓▓▓▓▓▓▓▓▓▓▓▓▓▓▓

You could see a yak, an orc warrior, a kobold brigand and a centaur.

Vanquished Creatures
  2 scorpions (D)
  An orc wizard (D)
  2 ufetubi (D)
  A dart slug (D)
  A ball python (D)
  A bat (D)
  A hobgoblin (D)
  A quokka (D)
  A rat (D)
11 creatures vanquished.

Notes
Turn   | Place    | Note
-------+----------+-------------------------------------------
     0 | D        | mhtbhm the Spriggan Earth Elementalist began the quest for
                  | the Orb.
     0 | D        | Reached XP level 1. HP: 9/9 MP: 5/5
   189 | D        | Noticed a scorpion
   189 | D        | Noticed a scorpion
   191 | D        | Reached XP level 2. HP: 13/13 MP: 4/7
   203 | D        | Killed a scorpion
   204 | D        | Reached skill level 5 in Spellcasting
   204 | D        | Reached skill level 5 in Earth Magic
   204 | D        | Reached XP level 3. HP: 8/16 MP: 7/11
   205 | D        | Reached XP level 4. HP: 6/21 MP: 6/12
   210 | D        | Killed a scorpion
   211 | D        | Reached skill level 5 in Dodging
   211 | D        | Reached skill level 5 in Stealth
   211 | D        | Reached XP level 5. HP: 20/24 MP: 2/15
   416 | D        | Found a snail-covered altar of Cheibriados.
   416 | D        | Found a shadowy altar of Dithmenos.
   416 | D        | Found a white marble altar of Elyvilon.
   416 | D        | Found a blossoming altar of Fedhas.
   416 | D        | Found an opulent altar of Gozag.
   417 | D        | Found a hazy altar of Hepliaklqana.
   418 | D        | Found a viscous altar of Jiyva.
   419 | D        | Found an ancient bone altar of Kikubaaqudgha.
   420 | D        | Found a corrupted altar of Lugonu.
   421 | D        | Found a burning altar of Makhleb.
   422 | D        | Found a sparkling altar of Nemelex Xobeh.
   423 | D        | Found an iron altar of Okawaru.
   424 | D        | Found a stormy altar of Qazlal.
   425 | D        | Found a sacrificial altar of Ru.
   426 | D        | Found a shimmering blue altar of Sif Muna.
   427 | D        | Found a bloodstained altar of Trog.
   428 | D        | Found a hide-covered altar of Uskayaw.
   429 | D        | Found a radiant altar of Vehumet.
   430 | D        | Found an ornate altar of the Wu Jian Council.
   431 | D        | Found a shimmering altar of Xom.
   432 | D        | Found a basalt altar of Yredelemnul.
   433 | D        | Found a glowing silver altar of Zin.
   434 | D        | Found a glowing golden altar of the Shining One.
   439 | D        | Became a worshipper of Vehumet
   468 | D        | Learned a level 2 spell: Passwall
   472 | D        | Learned a level 3 spell: Stone Arrow
   478 | D        | Learned a level 5 spell: Lee's Rapid Deconstruction
   483 | D        | Learned a level 4 spell: Petrify
   483 | D        | Noticed an orc warrior
   483 | D        | Noticed a yak
   483 | D        | Noticed a centaur
   496 | D        | Hit by a boomerang thrown by an orc warrior

Illustrated notes

Levels and vault maps discovered:
D:        linesprint [early_d, line_temple, items_1, d_10, items_2, lair_1,
          lair_end, items_3, orc_1, orc_end, items_4, d_15, swamp_1, shoals_1,
          snake_1, spider_1, d_20, vaults_1, items_5, swamp_end, shoals_end,
          snake_end, spider_end, vaults_end, d_27, items_6, zot_1, zot_end,
          crypt_end, forest_end, elf_end, slime_end, tomb_end, abyss_end,
          pan_hell_end]

Skill      XL: |  1  2  3  4  5 |
---------------+----------------+-----
Earth Magic    | 4 5 6 7 |  7.1
Dodging        | 3 4 5 |  5.4
Spellcasting   | 3 5 7 |  7.8
Stealth        | 4 5 |  5.3
Transmutations | |  1.6

Action                   |  1- 3 |  4- 6 || total
-------------------------+-------+-------++-------
 Cast: Sandblast         |    15 |     8 ||    23
       Lee's Rapid Decon |       |     2 ||     2
       Stone Arrow       |       |     1 ||     1
  Use: Potion            |     1 |     1 ||     2
Armor: Robe              |     2 |       ||     2
Dodge: Dodged            |     9 |     9 ||    18

Table legend: (Time is in decaauts)
 A = Elapsed time spent in this place.
 B = Non-inter-level travel time spent in this place.
 C = Inter-level travel time spent in this place.
 D = Time resting spent in this place.
 E = Time spent auto-exploring this place.
 F = Levels seen in this place.
 G = Mean time per level.
                   A        B        C        D        E       F      G
               +--------+--------+--------+--------+--------+-----+--------+
         Total |    466 |    466 |      0 |    361 |     10 |   1 |  466.0 |
       Dungeon |    466 |    466 |      0 |    361 |     10 |   1 |  466.0 |
               +--------+--------+--------+--------+--------+-----+--------+

Top non-repeatable levels by time:
       D: 466 daAuts
